AoeStats
← DarkBladeJarl

Fortress

507909822Analyzed
4v4 RM · 13d ago on Sep 20, 2026· 34m 7s· 8 players
Game mode
Random Map
Map size
Huge
Population
200
Speed
Normal
Resources
Standard
Victory
Conquest
Starting age
Dark Age
Ending age
Imperial Age
RankedLock teamsTeams togetherTeam positionsShared explorationLock speedFull tech treeHidden civsTurbo modeCheats
Victory
Defeat
🇹🇼 Goths · Taiwan
1386
+10
🇹🇼 Burmese · Taiwan
1380
+10
🇹🇼 Spanish · Taiwan
1330
+12
🇨🇳 Berbers · China
1325
+12
🇺🇸 Slavs · United States
1393
-16
🇺🇸 Persians · United States
1262
-11
🇺🇸 Vikings · United States
1198
-9
🇺🇸 Chinese · United States
1139
-25
DarkBladeJarl
7:35 Feudal Age
9:43 Double-Bit Axe
12:26 Castle Age
13:20 Loom
14:36 Bloodlines
14:36 Husbandry
15:27 Scale Barding Armor
15:32 Forging
17:26 Bow Saw
21:17 Gold Mining
22:19 Chain Barding Armor
23:40 Gold Shaft Mining
26:03 Wheelbarrow
25:46 Stone Mining
26:54 Iron Casting
36:17 Imperial Age
MinatoRen
7:50 Feudal Age
11:57 Castle Age
16:49 Husbandry
17:09 Bloodlines
21:01 Loom
28:29 Horse Collar
31:48 Wheelbarrow
35:30 Imperial Age
cgan13289
7:36 Feudal Age
11:09 Castle Age
9:23 Double-Bit Axe
9:40 Gold Mining
10:01 Horse Collar
12:12 Bow Saw
13:00 Loom
13:21 Scale Mail Armor
16:02 Chain Mail Armor
17:27 Wheelbarrow
20:21 Town Watch
21:16 Heavy Plow
26:56 Forging
26:43 Stone Mining
26:46 Fletching
27:08 Anarchy
27:47 Hand Cart
31:48 Imperial Age
29:59 Pikeman
30:42 Squires
32:43 Iron Casting
31:51 Elite Huskarl
34:59 Two-Man Saw
Seol Yoona
8:07 Feudal Age
11:55 Castle Age
10:31 Double-Bit Axe
14:35 Bow Saw
16:16 Loom
17:33 Padded Archer Armor
24:14 Gold Mining
25:05 Fletching
Phantom_JH
7:31 Feudal Age
11:16 Castle Age
9:21 Double-Bit Axe
9:26 Loom
10:55 Horse Collar
16:26 Wheelbarrow
18:46 Bloodlines
19:48 Husbandry
21:09 Scale Barding Armor
24:50 Forging
25:01 Chain Barding Armor
28:14 Iron Casting
29:04 Heavy Plow
33:41 Imperial Age
32:11 Gold Mining
33:29 Heavy Camel Rider
JesseErica
0:28 Loom
7:47 Feudal Age
7:57 Feudal Age
11:05 Wheelbarrow
14:15 Castle Age
12:44 Double-Bit Axe
12:44 Horse Collar
15:16 Bow Saw
16:24 Gold Mining
16:59 Fletching
18:17 Bodkin Arrow
19:06 Padded Archer Armor
22:28 Leather Archer Armor
25:19 Town Watch
31:20 Imperial Age
31:45 Gold Shaft Mining
31:01 Stone Mining
32:13 Bracer
32:45 Ring Archer Armor
Legolas123249
7:33 Feudal Age
11:49 Castle Age
11:45 Double-Bit Axe
11:42 Horse Collar
12:20 Loom
13:07 Bow Saw
14:41 Fletching
14:51 Padded Archer Armor
16:08 Bodkin Arrow
16:28 Leather Archer Armor
20:28 Scale Mail Armor
20:38 Forging
21:37 Scale Mail Armor
28:56 Imperial Age
28:37 Murder Holes
32:29 Pikeman
33:10 Squires
33:27 Chain Mail Armor
33:22 Forging
Darth Marky
2:33 Loom
8:44 Feudal Age
12:53 Castle Age
11:05 Double-Bit Axe
11:06 Horse Collar
14:10 Bow Saw
14:37 Wheelbarrow
14:21 Town Watch
16:04 Hand Cart
30:10 Gold Mining
30:12 Stone Mining
30:43 Scale Barding Armor
31:21 Forging
31:55 Bloodlines
31:50 Husbandry
32:31 Chain Barding Armor
33:17 Iron Casting
36:27 Imperial Age
Connection lost

Rejoining the realm…

Still unreachable

The connection could not be restored.

Session expired

The server has moved on; the page needs a fresh start.